 Dungeon Crawl Stone Soup version 0.27.1-1-g398f81649c (webtiles) character file.

Game seed: 9360583103456753491

86 H0rd4k the Insei (level 4, 0/28 HPs)
             Began as an Octopode Transmuter on Sept 13, 2021.
             Slain by Grinder (2 damage)
             ... on level 5 of the Dungeon.
             The game lasted 00:01:24 (1919 turns).

H0rd4k the Insei (Octopode Transmuter)              Turns: 1919, Time: 00:01:24

Health: 0/28       AC:  1    Str: 15    XL:     4   Next: 50%
Magic:  7/7        EV: 13    Int: 16    God:
Gold:   98         SH:  0    Dex: 12    Spells: 4/8 levels left

rFire    . . .     SeeInvis .     - Unarmed
rCold    + . .     Faith    .   (no shield)
rNeg     . . .     Spirit   .   (helmet restricted)
rPois    .         Reflect  .   (no amulet)
rElec    .         Harm     .   k - +6 ring of strength
rCorr    .         Rampage  .   c - ring of protection from cold
Will     .....                  (no ring)
Stlth    ++........             (no ring)
HPRegen  0.09/turn              (no ring)
MPRegen  0.10/turn              (no ring)
                                (no ring)
                                (no ring)

@: no status effects
A: almost no armour, amphibious, 8 rings, camouflage 1, gelatinous body 1,
(nimble swimmer 1), tentacles
a: no special abilities


You were on level 5 of the Dungeon.
You visited 1 branch of the dungeon, and saw 5 of its levels.

You collected 98 gold pieces.

Inventory:

Jewellery
 c - a ring of protection from cold (right tentacle)
 k - a +6 ring of strength (left tentacle)
Wands
 j - a wand of digging (5)
Scrolls
 b - a scroll of acquirement {unknown}
 d - a scroll of torment {unknown}
 e - a scroll of identify {unknown}
 f - a scroll of teleportation {unknown}
 g - a scroll of fear {unknown}
 l - a scroll of brand weapon {unknown}
Potions
 a - 2 potions of degeneration {unknown}
 h - a potion of lignification {unknown}
 i - a potion of curing {unknown}
 m - a potion of haste {unknown}


   Skills:
 + Level 1.2 Fighting
 + Level 2.3 Dodging
 + Level 3.8 Unarmed Combat
 * Level 2.6 Spellcasting
 * Level 2.6 Transmutations
 * Level 1.2 Poison Magic


You had 4 spell levels left.
You knew the following spells:

 Your Spells              Type           Power      Damage    Failure   Level
a - Beastly Appendage     Tmut           20%        N/A       7%          1
b - Spider Form           Tmut/Pois      4%         N/A       26%         3

Your spell library contained the following spells:

 Spells                   Type           Power      Damage    Failure   Level
 Wereblood                Tmut           10%        N/A       10%         2
 Ice Form                 Ice/Tmut       6%         N/A       75%         4


Dungeon Overview and Level Annotations

Branches:
Dungeon (5/15)
 Temple: D:4-7

Altars:
Ru

Annotations:
D:4 1 runed translucent door, Jabberih's ghost, novice OpTm; Sigmund
D:5 Grinder


Innate Abilities, Weirdness & Mutations

You cannot wear most types of armour.
You are amphibious.
You can wear up to eight rings at the same time.
Your skin changes colour to match your surroundings (Stealth+).
Your rubbery body absorbs attacks. (AC +1, EV +1)
((You are camouflaged near water. (Stealth+)))
You have tentacles for arms and can constrict up to eight enemies at once.


Message History

Found 7 gold pieces.
You now have 91 gold pieces (gained 10).
You now have 98 gold pieces (gained 7).
Sigmund the Dreaded comes into view.
He is wielding a +0 scythe and wearing a +2 robe of positive energy.
Sigmund is nearby!
Sigmund is nearby!
Press: ? - help, . - travel You can't see that place. [the floor.] Placed new exclusion.
Found a sacrificial altar of Ru.
An endoplasm and Grinder come into view.
Grinder gestures at you.
You suddenly lose the ability to move!
You can move again.
There is an escape hatch in the floor here.
There is an escape hatch in the floor here.
Grinder gestures at you. Pain shoots through your body!
You slide downwards.
The hatch slams shut behind you.
Found a stone staircase leading down.
You closely miss Grinder. Your grab misses Grinder.
Grinder says, "DUCK!"
Grinder barely misses you.
You closely miss Grinder. You grab Grinder. You constrict Grinder.
Grinder blinks free!
Grinder says, "You look like you could use a good racking."
Grinder gestures at you.
You suddenly lose the ability to move!
Grinder hits you.
You writhe in agony.
Grinder gestures at you.
You shrug off the repeated paralysis!
Grinder hits you.
You writhe in agony.
You can move again.
You bludgeon Grinder! Your grab misses Grinder.
Grinder is moderately wounded.
Grinder hits you!
* * * LOW HITPOINT WARNING * * *
You writhe in agony.
You die...

############
#..........#
#...@.......
#..5........
#...........
#...........
#....###>..#
#....# ...#
#..... ...
#...... ..


You could see Grinder.

Vanquished Creatures
  A hound (D:4)
  Ijyb (D:3)
  2 dart slugs
  3 ball pythons (D:1)
  4 bats (D:1)
  2 endoplasms
  2 hobgoblins
  4 jackals (D:4)
  A quokka (D:1)
  2 frilled lizards (D:3)
  4 goblins (D:1)
  A kobold (D:2)
  3 rats (D:1)
30 creatures vanquished.

Vanquished Creatures (others)
  2 plants (D:1)
2 creatures vanquished.

Grand Total: 32 creatures vanquished

Notes
Turn   | Place    | Note
-------+----------+-------------------------------------------
     0 | D:1      | H0rd4k the Octopode Transmuter began the quest for the Orb.
     0 | D:1      | Reached XP level 1. HP: 13/13 MP: 3/3
   196 | D:1      | Reached XP level 2. HP: 16/18 MP: 5/5
   355 | D:1      | Found a faded altar of an unknown god.
  1301 | D:2      | Reached XP level 3. HP: 23/23 MP: 6/6
  1305 | D:2      | Learned a level 3 spell: Spider Form
  1489 | D:3      | Noticed Ijyb
  1504 | D:3      | Killed Ijyb
  1712 | D:4      | Noticed Jabberih's ghost (novice OpTm)
  1712 | D:4      | Found a runed translucent door.
  1718 | D:4      | Reached skill level 1 in Poison Magic
  1718 | D:4      | Reached XP level 4. HP: 25/28 MP: 3/7
  1892 | D:4      | Noticed Sigmund
  1898 | D:4      | Found a sacrificial altar of Ru.
  1899 | D:4      | Noticed Grinder
  1900 | D:4      | Paralysed by Grinder for 4 turns
  1909 | D:5      | Entered Level 5 of the Dungeon
  1915 | D:5      | Paralysed by Grinder for 4 turns
  1919 | D:5      | Slain by Grinder

Illustrated notes

Levels and vault maps discovered:
D:1:      eino_arrival_water_cross, layout_loops_corners,
          hellmonk_ecumenical_altar_slurped_away
D:2:      layout_loops_cross, uniq_natasha, uniq_terence
D:3:      layout_loops_ring, palyth_stone_intersect, uniq_robin, uniq_ijyb
D:4:      layout_basic, lemuel_tele_altar, mainiacjoe_overflow_24_doors,
          hellmonk_ghost_happy_afterlife, uniq_sigmund, uniq_grinder
D:5:      layout_gridville, mainiacjoe_overflow_alcove_2,
          riverfiend_overflow_shadow_ancestor, temple_green,
          kennysheep_generic_room_11

Skill      XL: |  1  2  3 |
---------------+----------+-----
Poison Magic   | 1 |  1.2
Fighting       | |  1.2
Dodging        | |  2.3
Unarmed Combat | |  3.8
Spellcasting   | |  2.6
Transmutations | |  2.6

Action                   |  1- 3 |  4- 6 || total
-------------------------+-------+-------++-------
Melee: Unarmed           |    72 |    12 ||    84
       Constrict         |    18 |     4 ||    22
       Punch             |     2 |       ||     2
       Tentacles         |     7 |     4 ||    11
 Cast: Spider Form       |     2 |       ||     2
 Stab: Sleeping          |     6 |       ||     6
Armor: Skin              |     5 |       ||     5
Dodge: Dodged            |    55 |    14 ||    69
